 Dungeon Crawl Stone Soup version 0.23.2-40-g277498a001 (webtiles) character file.

Game seed: 10277014294328496768

377 Martska the Skirmisher (level 6, -2/57 HPs)
             Began as a Hill Orc Fighter on Oct 1, 2019.
             Killed by nerve-wracking pain
             ... invoked by an orc priest
              (5 damage)
             ... on level 2 of the Dungeon.
             The game lasted 00:06:20 (2684 turns).

Martska the Skirmisher (Hill Orc Fighter)           Turns: 2684, Time: 00:06:20

Health: -2/57      AC:  7    Str: 21    XL:     6   Next: 73%
Magic:  6/6        EV:  7    Int: 13    God:
Gold:   125        SH:  9    Dex: 10    Spells: 5/5 levels left

rFire    + . .     SeeInvis .   x - +2 war axe (chop)
rCold    + . .     Gourm    .   c - +0 shield
rNeg     . . .     Faith    .   b - +0 scale mail
rPois    +         Spirit   .   (no helmet)
rElec    +         Reflect  .   (no cloak)
rCorr    +         Harm     .   (no gloves)
MR       .....                  (no boots)
Stlth    ..........             (no amulet)
HPRegen  0.19/turn              (no ring)
MPRegen  0.10/turn              (no ring)

@: brilliant, resistant, very slightly contaminated, invisible
A: no striking features
a: no special abilities


You were on level 2 of the Dungeon.
You were near starving.

You visited 1 branch of the dungeon, and saw 3 of its levels.

You collected 125 gold pieces.

Inventory:

Hand Weapons
 a - a +0 war axe
 x - a +2 war axe of chopping (weapon)
Armour
 b - a +0 scale mail (worn)
 c - a +0 shield (worn)
Magical Staves
 t - an uncursed staff of wizardry {unknown}
Jewellery
 j - an uncursed ring of magical power {unknown}
 v - an uncursed amulet of the acrobat {unknown}
 w - an uncursed ring of stealth {unknown}
Wands
 u - a wand of iceblast (12)
Scrolls
 g - 2 scrolls of blinking {unknown}
 i - a scroll of fog {unknown}
 k - 3 scrolls of magic mapping {unknown}
 l - 6 scrolls of identify {unknown}
 o - a scroll of enchant weapon {unknown}
 r - a scroll of remove curse {unknown}
Potions
 d - a potion of might
 m - a potion of flight {unknown}
 n - a potion of cancellation {unknown}
 p - a potion of haste {unknown}
 q - a potion of lignification {unknown}
Comestibles
 f - 8 rations


   Skills:
 * Level 5.8 Fighting
 * Level 5.7 Axes
 + Level 4.4 Armour
 + Level 4.4 Shields


You had 5 spell levels left.
You didn't know any spells.
Your spell library was empty.

Dungeon Overview and Level Annotations

Branches:
Dungeon (3/15)

Altars:
Cheibriados
Ru
Wu Jian


Message History

The orc priest shouts, "Join the one true god or die!"
The orc priest hits you with a +0 dagger.
* * * LOW HITPOINT WARNING * * *
You block the orc priest's attack. The orc priest misses you.
It was a potion of resistance.
You feel protected. The orc priest hits you.
* * * LOW HITPOINT WARNING * * *
The orc priest looks encouraged for a moment.
It was a potion of invisibility.
You fade into invisibility!
The orc priest calls down the wrath of Beogh upon you.
You barely resist. You block the orc priest's attack.
You are very lightly contaminated with residual magic.
It was a potion of brilliance.
You feel clever all of a sudden. The orc priest barely misses you.
The orc priest invokes the aid of Beogh against you.
Pain shoots through your body!
You die...

#...(......# #.#.##.
##########.#########......
#........####.###
#.)......# #.###
#........# #....
#........# #.#.#
#........####.#.#
######o..........#.#.#
#...o@.###.##.##.#.#.#
#.###### #.##......#.# #.#
#.#####.###># ##.######
#...........# #.......#
######.###### ##.####.#
#.# ## ### #.########.# #.
#..........# #.
############ #.


You could see 2 orc priests.

Vanquished Creatures
  Sigmund (D:2)
  Ijyb (D:2)
  Terence (D:3)
  An orc wizard (D:3)
  A gnoll (D:1)
  4 adders
  An ooze (D:1)
  A dart slug (D:1)
  2 leopard geckos
  4 orcs (D:3)
  4 giant cockroaches
  16 goblins
  11 hobgoblins
  3 jackals (D:2)
  2 quokkas
  3 ball pythons
  8 bats
  7 frilled lizards
  11 kobolds
  2 rats
84 creatures vanquished.

Notes
Turn   | Place    | Note
-------+----------+-------------------------------------------
     0 | D:1      | Martska the Hill Orc Fighter began the quest for the Orb.
     0 | D:1      | Reached XP level 1. HP: 19/19 MP: 1/1
    54 | D:1      | Reached XP level 2. HP: 23/27 MP: 2/2
   220 | D:1      | Reached XP level 3. HP: 18/33 MP: 3/3
   948 | D:2      | Found an ornate altar of the Wu Jian Council.
   954 | D:2      | Found a snail-covered altar of Cheibriados.
   977 | D:2      | Reached XP level 4. HP: 41/41 MP: 4/4
  1200 | D:2      | Noticed Ijyb
  1217 | D:2      | Paralysed by Ijyb for 3 turns
  1225 | D:2      | Paralysed by Ijyb for 3 turns
  1228 | D:2      | Killed Ijyb
  1259 | D:2      | Reached XP level 5. HP: 44/47 MP: 5/5
  1605 | D:2      | Noticed Sigmund
  1614 | D:2      | Killed Sigmund
  1614 | D:2      | Reached skill level 5 in Fighting
  1614 | D:2      | Reached skill level 5 in Axes
  1614 | D:2      | Reached XP level 6. HP: 19/56 MP: 6/6
  2086 | D:3      | Found a sacrificial altar of Ru.
  2182 | D:3      | Noticed Terence
  2198 | D:3      | Killed Terence
  2362 | D:3      | HP: 1/57 [orc/tomahawk (3)]
  2682 | D:2      | HP: 2/57 [orc priest (2)]
  2684 | D:2      | Killed from afar by an orc priest

Skill      XL: |  1  2  3  4  5 |
---------------+----------------+-----
Axes           | 3 4 5 |  5.7
Fighting       | 4 5 |  5.8
Shields        | 4 |  4.4
Armour         | 4 |  4.4

Action                   |  1- 3 |  4- 6 || total
-------------------------+-------+-------++-------
Melee: War axe           |    92 |   179 ||   271
  Use: Potion            |       |     3 ||     3
  Eat: Chunk             |       |     1 ||     1
       Ration            |       |     1 ||     1
Armor: Scale mail        |    53 |    84 ||   137
Dodge: Dodged            |    37 |    62 ||    99
Block: Shield            |    66 |   107 ||   173
